 Dungeon Crawl Stone Soup version 0.30-a0-737-gf23d94013f (webtiles) character file.

Game seed: 12724469131926977724

56 sircluck the Trooper (level 3, -3/34 HPs)
             Began as a Hill Orc Fighter on Feb 1, 2023.
             Slain by Sigmund
             ... wielding a +0 scythe
              (7 damage)
             ... on level 2 of the Dungeon.
             The game lasted 00:02:39 (671 turns).

sircluck the Trooper (Hill Orc Fighter)              Turns: 671, Time: 00:02:40

Health: -3/34      AC:  8    Str: 17 (20) XL:     3   Next: 97%
Magic:  3/3        EV:  9    Int:  7 (8)  God:
Gold:   35         SH:  0    Dex:  7 (10) Spells: 2/2 levels left

rFire   . . .      SeeInvis .    a - +0 war axe
rCold   . . .      Faith    .    c - +0 buckler
rNeg    . . .      Spirit   .    b - +0 scale mail
rPois   .          Reflect  .    g - +0 helmet
rElec   .          Harm     .    (no cloak)
rCorr   .          Rampage  .    (no gloves)
Will    .....                    (no boots) Stlth
                                 (no amulet)
HPRegen 0.25/turn                (no ring)
MPRegen 0.08/turn                (no ring)

@: confused
A: no striking features
a: no special abilities


You were on level 2 of the Dungeon.
You visited 1 branch of the dungeon, and saw 3 of its levels.

You collected 35 gold pieces.

Inventory:

Hand Weapons
 a - a +0 war axe (weapon)
 e - the +1 short sword of Propriety {flame, Str+2}
   (You found it on level 2 of the Dungeon)

   Str:       It affects your strength (+2).
Armour
 b - a +0 scale mail (worn)
 c - a +0 buckler (worn)
 g - a +0 helmet (worn)
Scrolls
 i - a scroll of vulnerability {unknown}
Potions
 d - a potion of might
 h - a potion of brilliance {unknown}


   Skills:
 + Level 4.4 Fighting
 + Level 3.2 Axes
 + Level 3.4 Armour
 + Level 4.2 Shields


You had 2 spell levels left.
You didn't know any spells.
Your spell library was empty.

Dungeon Overview and Level Annotations

Branches:
Dungeon (3/15)

Altars:

Annotations:
D:2 Sigmund


Message History

You start resting.
You hear some strange, mumbled words.
Something tries to affect you, but you resist.
Something hits you but does no damage.
You see here a +0 rapier.
There is a stone staircase leading down here.
Something hits you.
You climb downwards.
Reactivating autopickup.
Found a book of the Warp and a book of Geomancy.
There is a stone staircase leading up here.
You start resting.
An orc comes into view. It is wielding a +0 dagger.
The orc shouts!
You hear a shout! x4
You climb upwards.
Level annotation: Sigmund Sigmund hits you with a +0 scythe.
There is a stone staircase leading down, spattered with blood here.
You barely miss Sigmund. Sigmund casts a spell at you.
You are confused.
Sigmund points at you and mumbles some strange words.
You are more confused.
You bump into the rock wall.
Sigmund hits you but does no damage.
There is a stone staircase leading down, spattered with blood here.
Sigmund smiles chillingly.
Sigmund hits you with a +0 scythe. Sigmund attacks as you move away!
Sigmund hits you with a +0 scythe.
You're too confused to move!
Sigmund hits you from afar with a +0 scythe.
* * * LOW HITPOINT WARNING * * *
You bump into the rock wall.
Sigmund hits you from afar with a +0 scythe.
* * * LOW HITPOINT WARNING * * *
You're too confused to move!
It was a potion of degeneration.
There was something very wrong with that liquid.
You feel weakened.
You feel dopey.
You feel clumsy.
Sigmund hits you from afar with a +0 scythe!
You die...

#......######)#..###########
####........................
........#####...###########.
#######.#####.......# #.
#.........####.# #. #.##.####.#
#. #.........# #. #######..@)# #.
#......@.>.# #. #.########.# #.
#.# #.# #. ## #.# #.. #.
.#.#######.########### #.
.#).................# #########.
#######....#......... ..........
...........#.######.########.....
#######....#.# #.#.......#.###


You could see Sigmund.

Vanquished Creatures
  Terence (D:2)
  A dart slug (D:2)
  3 ball pythons
  An endoplasm (D:2)
  A giant cockroach (D:2)
  A goblin (D:2)
  4 hobgoblins (D:2)
  5 jackals (D:2)
  3 kobolds
  2 bats (D:2)
  A frilled lizard (D:2)
  2 rats (D:2)
25 creatures vanquished.

Notes
Turn   | Place    | Note
-------+----------+-------------------------------------------
     0 | D:1      | sircluck the Hill Orc Fighter began the quest for the Orb.
     0 | D:1      | Reached XP level 1. HP: 19/19 MP: 1/1
    58 | D:1      | You fall into a shaft and drop 1 floor!
   184 | D:2      | Reached XP level 2. HP: 23/27 MP: 2/2
   218 | D:2      | Identified the +1 short sword of Propriety {flame, Str+2}
   347 | D:2      | Noticed Terence
   355 | D:2      | Killed Terence
   356 | D:2      | Reached XP level 3. HP: 19/33 MP: 3/3
   612 | D:2      | Noticed Sigmund
   671 | D:2      | Slain by Sigmund

Illustrated notes

Levels and vault maps discovered:
D:1:      lightli_arrival_boilingwater, layout_rooms
D:2:      layout_basic, basic_altar, minivault_26, uniq_terence, uniq_robin,
          uniq_sigmund
D:3:      layout_rooms, grunt_decor_resistance

Skill      XL: |  1  2  3 |
---------------+----------+-----
Fighting       | 4 |  4.4
Shields        | 4 |  4.2
Axes           | 3 |  3.2
Armour         | |  3.4

Action                     || total
---------------------------++-------
  Melee: War axe           ||    59
    Use: Scroll            ||     2
         Potion            ||     1
 Armour: Scale mail        ||    40
  Dodge: Dodged            ||    39
  Block: Buckler           ||    15

Table legend: (Time is in decaauts)
 A = Elapsed time spent in this place.
 B = Non-inter-level travel time spent in this place.
 C = Inter-level travel time spent in this place.
 D = Time resting spent in this place.
 E = Time spent auto-exploring this place.
 F = Levels seen in this place.
 G = Mean time per level.
                   A        B        C        D        E       F      G
               +--------+--------+--------+--------+--------+-----+--------+
         Total |    696 |    679 |     17 |     13 |    369 |   3 |  232.0 |
       Dungeon |    696 |    679 |     17 |     13 |    369 |   3 |  232.0 |
               +--------+--------+--------+--------+--------+-----+--------+

Top non-repeatable levels by time:
     D:2: 621 daAuts
     D:1: 62 daAuts
     D:3: 12 daAuts
